Unix NetHack Version 5.0.0-0 post-release - last build Jun 10 2026 00:39:30 (3ee93aec679c4c4259841fe613dc97188e26a321,branch:main).

Game began 2026-06-14 10:54:27, ended 2026-06-14 19:47:29.

ARFwashere, lawful male dwarven Archeologist

          ------
          |....|                                    ------         -------
         #-.^...###############   ###########       |..>.|#########......|
         #------              #   #---------######  |.....#        |.....|
         #                    #   #|.......|     ###.....|         |.....|
         #                    #   #|.....).)#####   ------         |.....|
         ###                  ##  #|.....o.|    ##                 |..[..|
           #                   ## #|.....@.|   ####################......|
           ##                   ###.h......|     #                 --|----
            #                     #|..>)..%-#### #                   #
            #    -------   ########---------   ###
  ----------#    |......####                    #####
  |......*.-#    |.....|                         ####------
  |..<.....|     |...:.|                            #.....|
  |.........     .......#############               #|....|
  ----------     -------                            #|...:|
                                                    #.....|
                                                     ------

ARFwashere the Field Worker  St:15 Dx:11 Co:15 In:15 Wi:12 Ch:6  Lawful
Dlvl:3  $:0  HP:0(43) Pw:15(15) AC:5  Xp:4 T:2849 

Latest messages:
 You finish eating the jackal corpse.
 In what direction? l
 The door resists!
 In what direction? l
 The door closes.
 In what direction? l
 This door is already closed.
 The gnome zombie opens a door.
 You descend the stairs.
 You see here 7 runed arrows.
 There is a doorway here.
 You see here a copper spellbook.
 Felix1 hits!
 You hit Felix1.
 Felix1 hits!
 You feel more confident in your weapon skills.
 (Tip: use the #enhance command to advance them.)
 You hit Felix1!
 Felix1 hits!
 You are now more skilled in pick-axe.
 You hit Felix1.
 Felix1 hits!
 There is a doorway here.
 You see here a copper spellbook.
 You see here 7 runed arrows.
 You climb up the stairs.
 You destroy the gnome zombie!
 The kobold lady throws 2 darts!
 You are hit by the 1st dart.
 You are almost hit by the 2nd dart.
 You hit the kobold lady!
 The kobold lady hits!
 You kill the kobold lady!
 q - 2 darts.
 You see here a dart.
 What do you want to ready? [aq or ?*] q
 q - 2 darts (at the ready).
 In what direction? u
 The hobgoblin wields a curved sword!
 In what direction? k
 The dart misses the hobgoblin.
 You miss the hobgoblin.
 The hobgoblin swings his curved sword.
 The hobgoblin hits!
 You die...
 Do you want your possessions identified? [ynq] (y) y
 Do you want to see your attributes? [ynq] (y) y
 Do you want an account of creatures vanquished? [ynaq] (y) y
 Do you want to see your conduct and achievements? [ynq] (y) n
 Do you want to see the dungeon overview? [ynq] (y) n

Inventory:
 Weapons  (')')
  a - a +2 bullwhip
 Armor    ('[')
  c - a blessed +0 fedora (being worn)
  k - an uncursed greased +0 chain mail (being worn)
 Comestibles  ('%')
  d - 5 uncursed food rations
 Scrolls  ('?')
  l - an uncursed scroll of light
  m - an uncursed scroll of light
 Potions  ('!')
  B - a blessed potion of levitation
 Rings    ('=')
  v - an uncursed ring of sustain ability
 Wands    ('/')
  r - a wand of light (0:14)
 Tools    ('(')
  i - an empty uncursed sack
  z - an uncursed blindfold
  n - a can of grease (0:8)
  h - a cursed expensive camera (0:46)
  e - a greased +0 pick-axe (weapon in right hand)
 Gems/Stones  ('*')
  p - an uncursed worthless piece of yellowish brown glass

ARFwashere the Archeologist's attributes:

Background:
 You were a Field Worker, a level 4 male dwarven Archeologist.
 You were lawful, nominally on a mission for Quetzalcoatl
 who was opposed by Camaxtli (neutral) and Huhetotl (chaotic).
 You were right-handed.
 You were in the Dungeons of Doom, on level 3.
 You entered the dungeon 2849 turns ago.
 There was a new moon in effect when your adventure ended.
 You had 156 experience points, 4 more were needed to attain level 5.

Basics:
 You had 0 out of 43 hit points.
 You had all 15 energy points (spell power).
 Your armor class was 5.
 Your wallet was empty.
 Autopickup was on for '$' plus thrown.

Final Characteristics:
 Your strength was 15 (limit:18/100).
 Your dexterity was 11 (limit:20).
 Your constitution was 15 (limit:20).
 Your intelligence was 15 (limit:16).
 Your wisdom was 12 (limit:16).
 Your charisma was 6 (limit:16).

Final Status:
 You weren't hungry.
 You were unencumbered.
 You were wielding a pick-axe.
 You were skilled in pick-axe.

Final Attributes:
 You were piously aligned.
 You were telepathic.
 You had automatic searching.
 You had infravision.
 You were warded.
 You were lucky.
 You are dead.

Miscellaneous:
 You encountered 1 bones level.
 Total elapsed playing time was 58 minutes.

Major events:
 Turn
    1: ARFwashere the lawful male dwarven Archeologist entered the dungeon
  963: entered the Gnomish Mines
 1219: attained the rank of Field Worker (level 3)
 2849: killed by a hobgoblin

You didn't know any spells.

Skills:
 Fighting Skills
   bare handed combat [Unskilled]
   two weapon combat  [Unskilled]
   riding             [Unskilled]
 Weapon Skills
   dagger             [Unskilled]
   knife              [Unskilled]
   pick-axe           [Skilled]
   short sword        [Unskilled]
   saber              [Unskilled]
   club               [Unskilled]
   quarterstaff       [Unskilled]
   sling              [Unskilled]
   dart               [Unskilled]
   boomerang          [Unskilled]
   whip               [Basic]
   unicorn horn       [Unskilled]
 Spellcasting Skills
   attack spells      [Unskilled]
   healing spells     [Unskilled]
   divination spells  [Unskilled]
   matter spells      [Unskilled]

Voluntary challenges:
 Character rerolling was not enabled.
 You were an atheist.
 You never genocided any monsters.
 You never polymorphed an object.
 You never changed form.
 You used no wishes.
Achievements:
 You entered the Gnomish Mines.
 You attained the rank of Field Worker.
 You entered a shop.

 The Dungeons of Doom: levels 1 to 5
    Level 1:
       Some fountains.
    Level 2:
       A grave.
    Level 3: <- You were here.
       Stairs down to The Gnomish Mines.
       Final resting place for
          you, killed by a hobgoblin.
    Level 4:
       A scroll shop, a sink, a grave.
    Level 5:
       A general store, a fountain.
       Final resting place for
          Felix1-Bar-Hum-Mal-Neu, killed by an elf zombie, while frozen by a floating eye's gaze.
 The Gnomish Mines:
    Level 4:


Vanquished creatures:
  a rock piercer
  3 elf zombies
  4 floating eyes
  a kitten
  a homunculus
  a kobold leader
  a rothe
  2 dwarf zombies
 an acid blob
  a hobbit
  a hobgoblin
  a cave spider
  a brown mold
  2 garter snakes
  a gnome zombie
  3 geckos
 10 jackals
  2 kobolds
  a goblin
  2 sewer rats
  7 grid bugs
  6 lichens
  8 newts
61 creatures vanquished.

No species were genocided or became extinct.

Game over:
                       ----------
                      /          \
                     /    REST    \
                    /      IN      \
                   /     PEACE      \
                  /                  \
                  |    ARFwashere    |
                  |       0 Au       |
                  |   killed by a    |
                  |    hobgoblin     |
                  |                  |
                  |                  |
                  |       2026       |
                 *|     *  *  *      | *
        _________)/\\_//(\/(/\)/\//\/|_)_______

Goodbye ARFwashere the Archeologist...

You died in The Dungeons of Doom on dungeon level 3 with 844 points,
and 0 pieces of gold, after 2849 moves.
You were level 4 with a maximum of 43 hit points when you died.

